 Dungeon Crawl Stone Soup version 0.15-a0-1015-g702813b (webtiles) character file.

56 Amnesiac the Vexing (level 4, 0/27 HPs)
             Began as a Halfling Enchanter on May 26, 2014.
             Was an Initiate of Dithmenos.
             Slain by a hound (3 damage)
             ... on Level 4 of the Dungeon.
             The game lasted 00:07:16 (1143 turns).

Amnesiac the Vexing (Halfling Enchanter)            Turns: 1143, Time: 00:07:16

HP   0/27        AC  3     Str  5      XL: 4   Next: 15%
MP   5/6         EV 15     Int 16      God: Dithmenos [......]
Gold 66          SH  0     Dex 16      Spells:  3 memorised,  0 levels left

rFire  . . .     SeeInvis .     a - +1 dagger
rCold  . . .     Clarity  .     b - +1 robe
rNeg   . . .     Conserve .     (no shield)
rPois  .         rCorr    .     (no helmet)
rElec  .         rRot     .     (no cloak)
SustAb .         Spirit   .     (no gloves)
rMut   .         Warding  .     (no boots)
Gourm  .         Stasis   .     (no amulet)
MR     .....                    (no ring)
                                e - ring of stealth

@: confused, not resistant to hostile enchantments, unstealthy
A: deterioration 1, mutation resistance 1
a: Renounce Religion


You were on level 4 of the Dungeon.
You worshipped Dithmenos.
Dithmenos was noncommittal.
You were not hungry.

You visited 1 branch of the dungeon, and saw 6 of its levels.

You collected 66 gold pieces.

Inventory:

Hand weapons
 a - a +1,+1 dagger (weapon)
Missiles
 d - 8 darts (quivered)
Armour
 b - a +1 robe (worn)
Comestibles
 f - a bread ration
Scrolls
 h - a scroll of immolation {unknown}
 k - 2 scrolls of remove curse {unknown}
 m - 4 scrolls of magic mapping {unknown}
Jewellery
 e - a ring of stealth (left hand)
 l - a cursed -2 ring of strength {unknown}
Books
 c - a book of Maledictions

   Spells                             Type                      Level
   *Corona                            Hexes                        1
   Sure Blade                         Hexes/Charms                 2
   *Ensorcelled Hibernation           Hexes/Ice                    2
   Confuse                            Hexes                        3
   *Dazzling Spray                    Conjuration/Hexes            3
   Enslavement                        Hexes                        4


   Skills:
 - Level 3.0 Short Blades
 - Level 1.3 Throwing
 - Level 2.1 Dodging
 - Level 2.0 Stealth
 - Level 1.5 Spellcasting
 + Level 3.8 Hexes


You couldn't memorise any spells.
You knew the following spells:

 Your Spells              Type           Power        Failure   Level  Hunger
a - Corona                Hex            ##.....      6%          1    ##.....
e - Dazzling Spray        Conj/Hex       #.......     34%         3    ####...
z - Ensorcelled Hibernat  Hex/Ice        #.....       17%         2    ###....


Dungeon Overview and Level Annotations

Branches:
Dungeon (6/15)
 Temple: D:4-7

Altars:
Ashenzari
Dithmenos
Elyvilon
Vehumet

Annotations:
D:5 exclusion: centaur


Innate Abilities, Weirdness & Mutations

You are small and have problems with some larger weapons.
You are somewhat resistant to further mutation.
Your body is slowly deteriorating.


Message History

It was a potion of confusion.
The hound completely misses you. The kobold closely misses you.
Drink which item? (? for menu, Esc to quit)
You feel extremely strange.
You feel yourself wasting away.
It was a potion of mutation.
The hound barely misses you. The kobold closely misses you.
The hound barely misses you.
Ouch! The hound pauses to sniff the ground.
The hound bites you.
* * * LOW HITPOINT WARNING * * *
The kobold closely misses you.
The hound barks!
The hound bites you.
* * * LOW HITPOINT WARNING * * *
The kobold closely misses you. The hound bites you but does no damage.
The orc shouts!
You're too confused!
The hound bites you.
You die...

#.# #....[... #.# ....
#.# .. . #.# ##.....
#.# #......# #.#
#.#....# #.#
###......#.#
#.######...##.....
#.#o@hZ....#.......
#....K.......# .#.
###.....h..>##....#
#.................
###.........##..#.##
#...................
####.....>............#
#.....................
#.).....(.............


You could see 2 hounds, an orc, a kobold and a hobgoblin skeleton.

Vanquished Creatures
  2 adders
  A giant mite (D:1)
  An ooze (D:3)
  2 orcs (D:4)
  3 giant cockroaches
  3 goblins
  A hobgoblin (D:3)
  4 giant newts
  A goblin skeleton (D:5)
  4 kobolds
  8 rats
30 creatures vanquished.

Notes
Turn   | Place    | Note
--------------------------------------------------------------
     0 | D:1      | Amnesiac, the Halfling Enchanter, began the quest for the Orb.
     0 | D:1      | Reached XP level 1. HP: 11/11 MP: 2/2
   131 | D:1      | Reached XP level 2. HP: 9/17 MP: 1/3
   254 | D:1      | Reached skill level 3 in Short Blades
   269 | D:1      | Learned a level 2 spell: Ensorcelled Hibernation
   351 | D:2      | Found a shattered altar of Ashenzari.
   433 | D:2      | Reached XP level 3. HP: 17/21 MP: 5/5
   480 | D:2      | Found a radiant altar of Vehumet.
   523 | D:3      | Found a white marble altar of Elyvilon.
   697 | D:4      | Reached XP level 4. HP: 27/27 MP: 3/6
   702 | D:4      | Learned a level 3 spell: Dazzling Spray
   832 | D:5      | Entered Level 5 of the Dungeon
   834 | D:5      | Noticed a centaur
   950 | D:6      | Found a shadowy altar of Dithmenos.
   956 | D:6      | Became a worshipper of Dithmenos the Shadowed
   960 | D:6      | Noticed an orc warrior
  1139 | D:4      | Gained mutation: Your body is slowly deteriorating. [potion of mutation]
  1143 | D:4      | Slain by a hound

Action                   |  1- 3 |  4- 6 || total
-------------------------+-------+-------++-------
Melee: Dagger            |    76 |    39 ||   115
Throw: Dart              |     7 |       ||     7
 Cast: Corona            |     5 |       ||     5
       Ensorcelled Hiber |     1 |     9 ||    10
       Dazzling Spray    |       |     1 ||     1
  Use: Potion            |       |     3 ||     3
 Stab: Sleeping          |     4 |     4 ||     8
